 Dungeon Crawl Stone Soup version 0.22-a0-512-g0943f25562 (webtiles) character file.

464 Faustar the Chopper (level 7, -1/61 HPs)
             Began as a Hill Orc Monk on June 18, 2018.
             Was a Follower of Beogh.
             Succumbed to a scorpion's poison
             ... on level 3 of the Dungeon.
             The game lasted 00:06:08 (4497 turns).

Faustar the Chopper (Hill Orc Monk)                 Turns: 4497, Time: 00:06:08

Health: -1/61      AC:  9    Str: 13 (16) XL:     7   Next: 8%
Magic:  7/7        EV: 10    Int:  8 (10) God:    Beogh [*.....]
Gold:   86         SH:  0    Dex: 12 (13) Spells: 6/6 levels left

rFire    . . .     SeeInvis .   a - +0 hand axe
rCold    + . .     Gourm    .   (no shield)
rNeg     . . .     Faith    .   p - +0 scale mail
rPois    .         Spirit   .   j - +1 helmet
rElec    .         Reflect  .   (no cloak)
rCorr    .         Harm     .   (no gloves)
MR       .....                  (no boots)
Stlth    ..........             (no amulet)
HPRegen  0.20/turn              o - ring of protection from cold
MPRegen  0.10/turn              (no ring)

@: lethally poisoned (-1 -> -19)
A: no striking features
a: Renounce Religion


You were on level 3 of the Dungeon.
You worshipped Beogh.
Beogh was aware of your devotion.
You were very hungry.

You visited 1 branch of the dungeon, and saw 4 of its levels.

You collected 86 gold pieces.

Inventory:

Hand Weapons
 a - a +0 hand axe (weapon)
 b - a -3 hunting sling
Missiles
 m - 108 stones (quivered)
Armour
 j - a +1 helmet (worn)
 p - a +0 scale mail (worn)
 q - a +0 buckler
Jewellery
 o - a ring of protection from cold (left hand)
 r - an uncursed ring of magical power {unknown}
Scrolls
 d - 3 scrolls of identify {unknown}
 h - 2 scrolls of remove curse
 n - a scroll of amnesia
Potions
 e - a potion of degeneration
 k - a potion of flight
Comestibles
 c - 5 rations


   Skills:
 + Level 5.3 Fighting
 * Level 7.4 Axes
 + Level 3.3 Armour
 - Level 2.4 Dodging
 - Level 1.5 Stealth
 + Level 2.4 Shields


You had 6 spell levels left.
You didn't know any spells.
Your spell library was empty.

Dungeon Overview and Level Annotations

Branches:
Dungeon (4/15)
 Temple: D:4-7

Altars:
Hepliaklqana
Qazlal
Sif Muna
Trog
Xom
Yredelemnul
Zin

Annotations:
D:3 Sigmund


Message History

You can no longer smite your foes.
You hit the scorpion but do no damage.
The scorpion is heavily wounded.
* * * LOW HITPOINT WARNING * * *
You feel sick.
The scorpion stings you but does no damage.
You hit the scorpion but do no damage.
The scorpion is heavily wounded.
* * * LOW HITPOINT WARNING * * *
You feel sick. The scorpion stings you.
* * * LOW HITPOINT WARNING * * *
You are more poisoned.
The scorpion poisons you!
You closely miss the scorpion.
The scorpion is heavily wounded.
* * * LOW HITPOINT WARNING * * *
You feel sick.
You barely miss the scorpion.
The scorpion is heavily wounded.
You die...

............###..#####...........
.....#####..##...##..............
.....# #..........###..........
.....######....###### #..........
.............#..###############..
...###.......#............# #.#
.......###.......#........### #.#
.######.....##...#....<.....# #†#
####............@...<.....#.# #..
.....#.........)s.#.....###.####.
...##...............#####........
##....)..........#........##^.##.
####...................#####.##.
##...........#.............#.
##............###...#####.##
##......##..## ###.......÷.
#.........## ####......


You could see a scorpion.

Vanquished Creatures
  Duvessa (D:4)
  A scorpion (D:3)
  2 howler monkeys (D:3)
  An iguana (D:4)
  3 worker ants
  A hound skeleton (D:4)
  6 adders
  An ooze (D:3)
  2 worms (D:2)
  2 dart slugs
  6 orcs
  A ball python (D:3)
  5 bats
  3 giant cockroaches
  6 goblins
  4 hobgoblins
  3 jackals
  3 kobolds
  6 frilled lizards
  A quokka skeleton (D:4)
  6 rats
  3 toadstools (D:1)
67 creatures vanquished.

Vanquished Creatures (others)
  A wizard (D:3)
  An orc priest (D:4)
  2 orcs (D:4)
  9 fungi (D:4)
  A toadstool (D:1)
14 creatures vanquished.

Grand Total: 81 creatures vanquished

Notes
Turn   | Place    | Note
-------+----------+-------------------------------------------
     0 | D:1      | Faustar the Hill Orc Monk began the quest for the Orb.
     0 | D:1      | Reached XP level 1. HP: 19/19 MP: 1/1
   211 | D:1      | Reached XP level 2. HP: 19/27 MP: 2/2
   560 | D:1      | Reached skill level 1 in Armour
   982 | D:2      | Found a glowing silver altar of Zin.
  1012 | D:2      | Reached XP level 3. HP: 31/33 MP: 3/3
  1023 | D:2      | Reached skill level 5 in Axes
  1866 | D:2      | Found a deep blue altar of Sif Muna.
  1936 | D:2      | Reached XP level 4. HP: 37/40 MP: 4/4
  2189 | D:2      | Found a basalt altar of Yredelemnul.
  2204 | D:2      | Found a hazy altar of Hepliaklqana.
  2204 | D:2      | Found a shimmering altar of Xom.
  2305 | D:2      | Found a stormy altar of Qazlal.
  2731 | D:3      | Found a bloodstained altar of Trog.
  2732 | D:3      | Noticed a wizard
  2737 | D:3      | Killed a wizard
  2939 | D:3      | Reached XP level 5. HP: 47/47 MP: 5/5
  2980 | D:3      | Reached skill level 6 in Axes
  3130 | D:3      | Reached skill level 1 in Shields
  3147 | D:3      | HP: 2/47 [worker ant (5)]
  3151 | D:3      | Reached XP level 6. HP: 10/55 MP: 6/6
  3500 | D:4      | Reached skill level 5 in Fighting
  3501 | D:4      | Noticed Sigmund
  3743 | D:4      | Became a worshipper of Beogh the Brigand
  3743 | D:4      | Reached * piety under Beogh
  3743 | D:4      | Reached ** piety under Beogh
  3904 | D:4      | Noticed Duvessa
  3918 | D:3      | Reached skill level 7 in Axes
  4489 | D:4      | Killed Duvessa
  4489 | D:4      | Reached XP level 7. HP: 7/61 MP: 7/7
  4495 | D:3      | HP: 3/61 [poisoned by a scorpion]
  4496 | D:3      | HP: 1/61 [poisoned by a scorpion]
  4497 | D:3      | Succumbed to a scorpion's poison

Vault maps used:
D:1:      ldierk_water_garden
D:2:      zin_statuary, minitemple, first_ration, minmay_curled_crystal,
          hangedman_decor_lopped, lemuel_blue_sif_altar
D:3:      trog_wizard
D:4:      old_forge, marbit_many_paths, uniq_duvessa, uniq_sigmund

Skill      XL: |  1  2  3  4  5  6 |
---------------+-------------------+-----
Armour         | 1 2 3 |  3.3
Fighting       | 4 5 |  5.3
Axes           | 5 6 7 |  7.4
Shields        | 1 2 |  2.4
Dodging        | |  2.4
Stealth        | |  1.5

Action                   |  1- 3 |  4- 6 |  7- 9 || total
-------------------------+-------+-------+-------++-------
Melee: Hand axe          |   119 |   176 |     6 ||   301
 Fire: Hunting sling     |    10 |       |       ||    10
Invok: Convert to Beogh  |       |     1 |       ||     1
  Use: Scroll            |     2 |     3 |       ||     5
       Potion            |       |     6 |       ||     6
 Stab: Sleeping          |     3 |       |       ||     3
  Eat: Chunk             |     3 |     7 |       ||    10
Armor: Robe              |    19 |     5 |       ||    24
       Scale mail        |       |    52 |     3 ||    55
Dodge: Dodged            |    91 |   107 |     1 ||   199

Table legend:
 A = Spawn XP
 B = Non-spawn XP
 C = Spawn XP percentage of total XP
 D = Spawn monster count
 E = Non-spawn monster count
 F = Spawn count percentage of total count
 G = Total turns spent on level
                    A         B        C        D         E        F      G
               +---------+---------+-------+---------+---------+-------+---------
         Total |       0 |     664 |   0.0 |       0 |      64 |   0.0 |  4497
               +---------+---------+-------+---------+---------+-------+---------
           D:1 |       0 |      28 |   0.0 |       0 |      16 |   0.0 |  1183
           D:2 |       0 |      87 |   0.0 |       0 |      20 |   0.0 |  1215
           D:3 |       0 |     307 |   0.0 |       0 |      20 |   0.0 |  1915
           D:4 |       0 |     242 |   0.0 |       0 |       8 |   0.0 |   184
               +---------+---------+-------+---------+---------+-------+---------
